 Dungeon Crawl Stone Soup version 0.32-a0-876-gcfddb08e57 (webtiles) character file.

Game seed: 68768145284005339

128 smashvw the Ruffian (level 4, -1/45 HPs)
             Began as a Troll Berserker on Mar 31, 2024.
             Was a Believer of Trog.
             Slain by an orc
             ... wielding a +0 trident
              (4 damage)
             ... on level 3 of the Dungeon.
             The game lasted 00:06:50 (1567 turns).

smashvw the Ruffian (Troll Berserker)               Turns: 1567, Time: 00:06:51

Health: -1/45      AC:  4    Str: 25    XL:     4   Next: 86%
Magic:  3/3        EV:  8    Int:  3    God:    Trog [**....]
Gold:   100        SH:  0    Dex: 11    Spells: 3/3 levels left

rFire   . .          .
                       - Unarmed
rCold   . . .        m - +0 kite shield
rNeg    . . .        a - +0 animal skin
rPois   .            (helmet restricted)
rElec   .            (no cloak)
rCorr   .            (gloves unavailable)
SInv    .            (boots unavailable)
Will    .....        (no amulet)
Stlth   +            (no ring)
HPRegen 1.07/turn    (no ring)
MPRegen 0.08/turn

%: no passive effects
@: confused
A: large, unfitting armour, claws 3, regeneration 1, shaggy fur 1, tough skin 1
a: Renounce Religion, Berserk, Trog's Hand


You were on level 3 of the Dungeon.
You worshipped Trog.
Trog was pleased with you.
You visited 1 branch of the dungeon, and saw 3 of its levels.

You collected 100 gold pieces.

Inventory:

Missiles
 e - 16 poisoned darts (quivered)
 l - a throwing net
Armour
 a - a +0 animal skin (worn)
 m - a +0 kite shield (worn)
Jewellery
 d - a ring of magical power
Scrolls
 b - 2 scrolls of teleportation {unknown}
 c - a scroll of revelation {unknown}
 f - a scroll of noise {unknown}
 g - a scroll of immolation {unknown}
 h - a scroll of fear {unknown}
 j - a scroll of amnesia {unknown}
Potions
 i - 2 potions of berserk rage {unknown}
 k - a potion of might {unknown}


   Skills:
 + Level 3.5 Fighting
 - Level 2.4 Dodging
 + Level 1.1 Shields
 + Level 4.3 Unarmed Combat


You had 3 spell levels left.
You didn't know any spells.
Your spell library was empty.

Dungeon Overview and Level Annotations

Branches:
Dungeon (3/15)

Altars:

Shops:
D:1 *


Innate Abilities, Weirdness & Mutations

You are too large for most types of armour.
You have claws for hands.
Your natural rate of healing is unusually fast.
You are covered in fur. (AC +1)
You have tough skin. (AC +1)


Message History

The orc hits you from afar with a +0 trident.
The orc wizard points at you and mumbles some strange words.
You are confused.
You are too confused!
You are too confused!
You are too confused!
You are too confused!
The orc barely misses you. The orc wizard closely misses you.
Things that are here:
a +0 mace; a +0 ring mail You claw the ball python skeleton!
You destroy the ball python skeleton!
Trog accepts your kill.
The orc wizard hits you with a +0 dagger.
The orc barely misses you.
The orc wizard attacks as it pursues you!
The orc wizard hits you but does no damage.
The orc hits you with a +0 trident!
The orc wizard hits you but does no damage.
The orc hits you from afar with a +0 trident.
You're too confused to move!
You feel less confused. The orc hits you but does no damage.
The orc wizard hits you with a +0 dagger.
You closely miss the orc wizard.
The orc wizard is moderately wounded.
The orc hits you from afar with a +0 trident.
The orc wizard hits you with a +0 dagger.
* * * LOW HITPOINT WARNING * * *
You scratch the orc wizard.
The orc wizard is heavily wounded.
The orc hits you from afar with a +0 trident.
* * * LOW HITPOINT WARNING * * *
The orc wizard casts a spell at you.
You are confused.
The orc hits you with a +0 trident!
* * * LOW HITPOINT WARNING * * *
The orc wizard barely misses you. The orc hits you with a +0 trident.
You die...

....#...# #.......
..#.....# #.......######.
..#.......#.###..........
............# #..........
..#...#......##..........
..#...#..................
†##...#.##... #..........
..#####.##### #)o........
..##........# #.@........
............###..o.......
..................?......
....ß............#######.
##.....###.......#
##.....# #...#####
##....####...#
.........#...#
........)#...#


You could see an orc wizard and an orc.

Vanquished Creatures
  2 hound skeletons (D:3)
  3 adders
  An adder skeleton (D:3)
  An adder zombie (D:3)
  3 dart slugs
  3 orcs (D:3)
  5 ball pythons
  7 bats
  5 endoplasms
  2 giant cockroaches (D:3)
  4 hobgoblins
  4 jackals (D:2)
  11 kobolds
  2 quokkas (D:1)
  A ball python skeleton (D:3)
  A goblin (D:2)
  A jackal zombie (D:3)
  A quokka skeleton (D:3)
  4 rats (D:1)
61 creatures vanquished.

Notes
Turn   | Place    | Note
-------+----------+-------------------------------------------
     0 | D:1      | smashvw the Troll Berserker began the quest for the Orb.
     0 | D:1      | Reached XP level 1. HP: 22/22 MP: 0/0
    85 | D:1      | Found Wadeeq's Assorted Antiques.
   256 | D:1      | Found a faded altar of an unknown god.
   364 | D:1      | Reached XP level 2. HP: 29/29 MP: 1/1
   660 | D:1      | Reached XP level 3. HP: 37/37 MP: 2/2
   672 | D:1      | Reached ** piety under Trog
  1116 | D:2      | Reached skill level 4 in Unarmed Combat
  1223 | D:2      | Reached XP level 4. HP: 45/45 MP: 3/3
  1486 | D:3      | Reached skill level 1 in Shields
  1566 | D:3      | HP: 2/45 [orc/+0 trident (7)]
  1567 | D:3      | Slain by an orc

Illustrated notes

Levels and vault maps discovered:
D:1:      minmay_arrival_five_plusses, layout_loops_ring,
          chequers_ecumenical_altar_lobes, serial_shops, shop, minivault_26,
          lexackson_kobold_supper
D:2:      layout_rooms, serial_glass, glass_columns_a, glass_columns_c
D:3:      minmay_roachtagon, layout_basic, serial_undead, serial_undead_d,
          serial_undead_d, serial_undead_f, serial_undead_b, serial_undead_a

Skill      XL: |  1  2  3  4 |
---------------+-------------+-----
Fighting       | 3 |  3.5
Unarmed Combat | 4 |  4.3
Shields        | 1 |  1.1
Dodging        | |  2.4

Action                     |  1- 3 |  4- 6 || total
---------------------------+-------+-------++-------
  Melee: Unarmed           |   128 |    44 ||   172
         Punch             |     1 |       ||     1
 Armour: Animal skin       |    83 |    40 ||   123
  Dodge: Dodged            |    57 |    15 ||    72
  Block: Kite shield       |     2 |    13 ||    15

Table legend: (Time is in decaauts)
 A = Elapsed time spent in this place.
 B = Non-inter-level travel time spent in this place.
 C = Inter-level travel time spent in this place.
 D = Time resting spent in this place.
 E = Time spent auto-exploring this place.
 F = Levels seen in this place.
 G = Mean time per level.
                   A        B        C        D        E       F      G
               +--------+--------+--------+--------+--------+-----+--------+
         Total |   1560 |   1486 |     74 |      0 |   1092 |   3 |  520.0 |
       Dungeon |   1560 |   1486 |     74 |      0 |   1092 |   3 |  520.0 |
               +--------+--------+--------+--------+--------+-----+--------+

Top non-repeatable levels by time:
     D:1: 908 daAuts
     D:2: 496 daAuts
     D:3: 156 daAuts
